 Dungeon Crawl Stone Soup version 0.26-a0-597-gb535b0901c (webtiles) character file.

Game seed: 8397186736159617851

4571 kae the Carver (level 10, -2/83 HPs)
             Began as a Palentonga Fighter on Aug 27, 2020.
             Was an Initiate of Ru.
             Slain by a troll (4 damage)
             ... on level 9 of the Dungeon.
             The game lasted 00:11:33 (11375 turns).

kae the Carver (Palentonga Fighter)                Turns: 11375, Time: 00:11:34

Health: -2/83      AC:  9    Str: 24    XL:     10   Next: 18%
Magic:  19/19      EV:  5    Int:  8    God:    Ru [......]
Gold:   612        SH:  9    Dex:  9    Spells: 9/9 levels left

rFire    . . .     SeeInvis +   H - +2 falchion (holy)
rCold    . . .     Faith    .   c - +0 kite shield
rNeg     . . .     Spirit   .   b - +2 scale mail
rPois    +         Reflect  .   (no helmet)
rElec    .         Harm     .   j - +0 cloak
rCorr    .                      (no gloves)
MR       .....                  (no barding)
Stlth    ..........             (no amulet)
HPRegen  0.23/turn              u - ring of magical power
MPRegen  0.16/turn              t - ring of poison resistance

@: no status effects
A: large, rugged brown scales 3, see invisible, deformed body, no stealth, roll,
armoured tail
a: Rolling Charge, Renounce Religion


You were on level 9 of the Dungeon.
You worshipped Ru.
Ru was noncommittal.
You visited 2 branches of the dungeon, and saw 10 of its levels.
You also visited: Sewer.

You collected 722 gold pieces.
You spent 110 gold pieces at shops.

Inventory:

Hand Weapons
 a - a +1 long sword
 l - a -3 scimitar
 H - a +2 falchion of holy wrath (weapon)
Armour
 b - a +2 scale mail (worn)
 c - a +0 kite shield (worn)
 j - a +0 cloak (worn)
Jewellery
 m - an uncursed ring of resist corrosion
 q - an uncursed ring of fire
 t - a ring of poison resistance (right hand)
 u - a ring of magical power (left hand)
 v - an uncursed amulet of magic regeneration
 C - an uncursed ring of positive energy {unknown}
 E - a cursed -4 ring of slaying {unknown}
Wands
 k - a wand of acid (5)
 F - a wand of disintegration (10)
 G - a wand of iceblast (7)
Scrolls
 g - 6 scrolls of teleportation
 o - a scroll of magic mapping
 x - 2 scrolls of remove curse
 y - a scroll of blinking
 A - 3 scrolls of identify
 B - a scroll of amnesia
Potions
 d - 3 potions of flight
 e - a potion of stabbing
 f - 2 potions of berserk rage
 h - 5 potions of heal wounds
 i - 8 potions of curing
 n - 2 potions of mutation
 p - a potion of lignification
 r - a potion of might
 s - a potion of ambrosia
 w - 2 potions of magic
 z - 3 potions of invisibility
 D - a potion of cancellation {unknown}
 I - 2 potions of resistance {unknown}


   Skills:
 - Level 4.0 Fighting
 * Level 14.1 Long Blades
 - Level 2.4 Armour
 - Level 2.4 Shields


You had 9 spell levels left.
You didn't know any spells.
Your spell library contained the following spells:

 Spells                   Type           Power        Failure   Level
 Magic Dart               Conj           #...         99%         1
 Blink                    Tloc           N/A          100%        2
 Call Imp                 Summ           #.......     100%        2
 Slow                     Hex            #.......     100%        2
 Confusing Touch          Hex            #.......     100%        3
 Conjure Flame            Conj/Fire      #.......     100%        3
 Gell's Gravitas          Tloc           #.........   100%        3
 Mephitic Cloud           Conj/Pois/Air  #.......     100%        3
 Petrify                  Tmut/Erth      #.......     100%        4
 Metabolic Englaciation   Hex/Ice        #.........   100%        5
 Yara's Violent Unravell  Hex/Tmut       #.........   100%        5


Dungeon Overview and Level Annotations

Branches:
Dungeon (9/15)             Temple (1/1) D:6           Sewer (visited)
   Lair: D:8-11         Orc: D:9-12

Altars:
Ashenzari
Cheibriados
Dithmenos
Elyvilon
Fedhas
Gozag
Hepliaklqana
Kikubaaqudgha
Makhleb
Nemelex Xobeh
Okawaru
Qazlal
Ru
Sif Muna
Trog
Uskayaw
Vehumet
Wu Jian
Xom
Yredelemnul
Zin
The Shining One

Shops:
D:5 !   D:7 *

Annotations:
D:6 2 runed translucent doors, Graouh's ghost, amateur MiFi


Innate Abilities, Weirdness & Mutations

You are completely covered in rugged brown scales. (AC +3, +7% HP)
You have supernaturally acute eyesight. (SInv)
Armour fits poorly on your strangely shaped body.
You cannot be stealthy.
You can roll at foes to attack.
You have a long armoured tail.


Message History

You hit the troll.
Your tail-slap misses the troll.
The troll is heavily wounded.
You block the troll's attack. x2; The troll claws you but does no damage.
You hit the troll. You tail-slap the troll!
The troll is almost dead.
You block the scorpion's attack.
You closely miss the troll.
The troll is almost dead.
The troll bites you!
* * * LOW HITPOINT WARNING * * *
The troll claws you!
* * * LOW HITPOINT WARNING * * *
The troll completely misses you. You block the scorpion's attack.
Your shield and scale mail prevent you from hitting the troll.
Your tail-slap misses the troll.
The troll is severely wounded.
The troll bites you.
* * * LOW HITPOINT WARNING * * *
The troll claws you.
You die...

#(....# ...........#
#.....# ...........#
#..(..# ...........#
#.....# ............#
#.....## ........$...#
#.....#. ....[.......#
#.....#. ........Ts..#
#.....'. .......=@...#
#.....#. ............#
#.....#.
............######.....#.
.......................#.
###....................#.
#....................#(
#...............######.
+...............#....+.
#.........#######...##.


You could see a troll and a scorpion.

Vanquished Creatures
  Pikel (D:7)
  The ghost of Graouh the Cudgeler, an amateur MiFi of Okawaru (D:3)
  A hippogriff (D:7)
  3 orc warriors
  2 sky beasts
  2 black bears
  2 ice beasts
  2 centaurs (D:9)
  5 ogres
  2 eyes of draining (D:8)
  2 phantoms
  2 lemures (D:7)
  Blork the orc (D:3)
  2 bullfrogs
  A big kobold (Sewer)
  A scorpion (D:6)
  7 wights
  A howler monkey (D:8)
  A centaur zombie (D:5)
  4 jellies
  2 bullfrog skeletons (D:6)
  5 orc priests
  9 hounds
  6 orc wizards
  4 iguanas
  7 worker ants
  A killer bee zombie (D:7)
  A hound skeleton (D:4)
  3 howler monkey zombies (D:8)
  Robin (D:4)
  9 adders
  A river rat (Sewer)
  2 white imps
  An ufetubus (D:8)
  4 worms
  2 dart slugs
  5 leopard geckos
  23 orcs
  2 ball pythons
  7 bats
  3 giant cockroaches
  11 goblins
  8 hobgoblins
  6 jackals
  11 kobolds
  4 quokkas
  5 frilled lizards
  A leopard gecko skeleton (D:5)
  A quokka skeleton (D:8)
  12 rats
  A spectral orc (D:5)
201 creatures vanquished.

Notes
Turn   | Place    | Note
-------+----------+-------------------------------------------
     0 | D:1      | kae the Palentonga Fighter began the quest for the Orb.
     0 | D:1      | Reached XP level 1. HP: 20/20 MP: 1/1
   566 | D:1      | Reached XP level 2. HP: 27/27 MP: 2/2
  1002 | D:2      | Reached skill level 3 in Long Blades
  1252 | D:2      | Reached XP level 3. HP: 33/33 MP: 3/3
  1353 | D:2      | Found a shadowy altar of Dithmenos.
  1811 | D:3      | Found a glowing drain.
  2021 | Sewer    | Entered a sewer
  2357 | Sewer    | Noticed a big kobold
  2392 | Sewer    | Killed a big kobold
  2392 | Sewer    | Reached skill level 4 in Long Blades
  2392 | Sewer    | Reached XP level 4. HP: 20/42 MP: 4/4
  2588 | Sewer    | Found a glowing silver altar of Zin.
  2646 | D:3      | Reached XP level 5. HP: 39/49 MP: 5/5
  3046 | D:3      | Noticed Graouh's ghost (amateur MiFi)
  3047 | D:3      | Found a large runed translucent door.
  3047 | D:3      | Found a large runed translucent door.
  3381 | D:3      | Killed Graouh's ghost
  3381 | D:3      | Reached skill level 6 in Long Blades
  3381 | D:3      | Reached XP level 6. HP: 55/55 MP: 6/6
  3436 | D:4      | Noticed Blork the orc
  3846 | D:4      | Reached skill level 7 in Long Blades
  4032 | D:4      | Reached XP level 7. HP: 63/63 MP: 7/7
  4032 | D:4      | Noticed Robin
  4040 | D:4      | Killed Robin
  4177 | D:4      | Found a snail-covered altar of Cheibriados.
  4654 | D:3      | Killed Blork the orc
  4793 | D:4      | Reached skill level 8 in Long Blades
  5451 | D:5      | Entered Level 5 of the Dungeon
  5452 | D:5      | Found Mimacw's Distillery.
  5557 | D:5      | Bought a potion of mutation for 80 gold pieces
  5557 | D:5      | Bought a potion of lignification for 30 gold pieces
  5574 | D:5      | Found a white marble altar of Elyvilon.
  5686 | D:5      | Reached skill level 9 in Long Blades
  5745 | D:5      | Reached XP level 8. HP: 60/70 MP: 8/8
  5861 | D:5      | Found a basalt altar of Yredelemnul.
  6004 | D:6      | Found a large runed translucent door.
  6004 | D:6      | Found a large runed translucent door.
  6130 | D:6      | Found a staircase to the Ecumenical Temple.
  6155 | Temple   | Entered the Ecumenical Temple
  6366 | Temple   | Became a worshipper of Ru the Awakened
  6448 | D:6      | Noticed Graouh's ghost (amateur MiFi)
  6481 | D:6      | Reached skill level 10 in Long Blades
  7254 | D:7      | Found Lavioroi's General Store.
  7271 | D:7      | Noticed Pikel
  7474 | D:7      | Killed Pikel
  7474 | D:7      | Reached skill level 11 in Long Blades
  7537 | D:7      | Found a hide-covered altar of Uskayaw.
  7586 | D:7      | Reached XP level 9. HP: 75/75 MP: 9/9
  7606 | D:7      | Found a shimmering altar of Xom.
  8053 | D:7      | Reached skill level 12 in Long Blades
  9193 | D:8      | Found an ornate altar of the Wu Jian Council.
  9328 | D:8      | Gained mutation: You cannot be stealthy. [Ru sacrifice]
  9335 | D:8      | Reached skill level 13 in Long Blades
 10203 | D:8      | Reached XP level 10. HP: 61/83 MP: 10/10
 10771 | D:9      | Reached skill level 14 in Long Blades
 11375 | D:9      | HP: 2/83 [troll (6)]
 11375 | D:9      | Slain by a troll

Illustrated notes

Levels and vault maps discovered:
D:1:      matt_arrival_refuge, layout_basic
D:2:      layout_rooms, overflow_temple_1_default
D:3:      layout_basic, cheibrodos_sewer_entry_drain,
          ebering_ghost_disaster_area, kennysheep_generic_room_4
D:4:      layout_cave_pools, old_standard_altar, uniq_robin, uniq_blork_the_orc
D:5:      layout_rooms, yredelemnul_forgotten_temple_becter, elyvilon_altar_4,
          serial_shops, shop
D:6:      layout_rooms, minmay_temple_entry_junction,
          ebering_ghost_disaster_area
D:7:      layout_basic, eat_drink_and_be_merry_uskayaw, serial_shops,
          nicolae_shop_behind_doors, minmay_misc_feat_nine_boxes, tgw_xom,
          uniq_pikel
D:8:      wad_arrow_thing, layout_rooms, kennysheep_mini
D:9:      layout_gridville
Temple:   eino_temple_scatter_basement

Skill      XL: |  1  2  3  4  5  6  7  8  9 10 |
---------------+-------------------------------+-----
Long Blades    | 3 4 6 7 9 11 13 14 | 14.1
Fighting       | 4 |  4.0
Armour         | |  2.4
Shields        | |  2.4

Action                   |  1- 3 |  4- 6 |  7- 9 | 10-12 || total
-------------------------+-------+-------+-------+-------++-------
Melee: Long sword        |    66 |       |   346 |       ||   412
       Tailslap          |    19 |    13 |    94 |    19 ||   145
       Scimitar          |    81 |    82 |   173 |       ||   336
       Falchion          |       |       |    11 |    89 ||   100
Invok: Sacrifice Stealth |       |       |     1 |       ||     1
 Abil: Rolling Charge    |     2 |     1 |     4 |       ||     7
Evoke: Wand              |       |     1 |       |       ||     1
  Use: Scroll            |     6 |     3 |    12 |     3 ||    24
       Potion            |     2 |     2 |       |       ||     4
Armor: Scale mail        |    92 |    28 |   186 |    47 ||   353
Dodge: Dodged            |    38 |    13 |   103 |    17 ||   171
Block: Kite shield       |    77 |    41 |   208 |    43 ||   369
       Rpst.: Long sword |     3 |       |    22 |       ||    25
       Scimitar          |    10 |     8 |    18 |       ||    36
       Falchion          |       |       |     1 |     4 ||     5

Table legend: (Time is in decaauts)
 A = Elapsed time spent in this place.
 B = Non-inter-level travel time spent in this place.
 C = Inter-level travel time spent in this place.
 D = Time resting spent in this place.
 E = Time spent auto-exploring this place.
 F = Levels seen in this place.
 G = Mean time per level.
                   A        B        C        D        E       F      G
               +--------+--------+--------+--------+--------+-----+--------+
         Total |  11436 |  11136 |    300 |   3519 |   5776 |  11 | 1039.6 |
       Dungeon |  10558 |  10282 |    276 |   3229 |   5464 |   9 | 1173.1 |
        Temple |    220 |    196 |     24 |      0 |    195 |   1 |  220.0 |
         Sewer |    656 |    656 |      0 |    290 |    117 |   1 |  656.0 |
               +--------+--------+--------+--------+--------+-----+--------+

Top non-repeatable levels by time:
     D:8: 1704 daAuts
     D:3: 1657 daAuts
     D:7: 1338 daAuts
     D:6: 1318 daAuts
     D:4: 1271 daAuts
     D:2: 1058 daAuts
     D:1: 932 daAuts
     D:9: 723 daAuts
   Sewer: 656 daAuts
     D:5: 553 daAuts
  Temple: 220 daAuts
